 Dungeon Crawl Stone Soup version 0.20-b1 (webtiles) character file.

15873 grindst0ne the Grappler (level 12, -3/127 HPs)
             Began as a Troll Monk on May 19, 2017.
             Was a High Priest of Okawaru.
             Slain by a death yak (29 damage)
             ... led by a torpor snail
             ... on level 2 of the Lair of Beasts.
             The game lasted 00:28:09 (10223 turns).

grindst0ne the Grappler (Troll Monk)               Turns: 10223, Time: 00:28:09

Health: -3/127     AC:  7    Str: 26    XL:     12   Next: 5%
Magic:  9/11       EV: 13    Int:  6    God:    Okawaru [*****.]
Gold:   528        SH:  0    Dex: 12    Spells: 11/11 levels left

rFire    . . .     SeeInvis +     - Unarmed
rCold    . . .     Gourm    +   (no shield)
rNeg     + . .     Faith    .   D - +1 robe of Silemuc {rElec}
rPois    .         Spirit   .   M - +1 hat {SInv}
rElec    +         Reflect  .   (no cloak)
rCorr    .         Harm     .   (gloves unavailable)
MR       +....                  (boots unavailable)
Stlth    +++.......             j - amulet of the gourmand
Regen    1.2/turn               v - ring of protection from magic
MPRegen  0.2/turn               m - ring of positive energy

@: heroism
A: unfitting armour, claws 3, hooves 2, fast metabolism 3, gourmand,
regeneration 2, shaggy fur 1, tough skin 2
a: Heroism, Finesse, Renounce Religion


You were on level 2 of the Lair of Beasts.
You worshipped Okawaru.
Okawaru was extremely pleased with you.
You were completely stuffed.

You visited 3 branches of the dungeon, and saw 13 of its levels.

You collected 596 gold pieces.
You spent 68 gold pieces at shops.

Inventory:

Hand Weapons
 F - a +0 blowgun
 R - a +2 antimagic great mace
 X - the +3 mace of Fortitude {flame, rElec rF+ Str-3 Dex+4}
   (You found it on level 2 of the Lair of Beasts)

   It has been specially enchanted to burn those struck by it, causing extra
   injury to most foes and up to half again as much damage against particularly
   susceptible opponents.
   It affects your strength (-3).
   It affects your dexterity (+4).
   It protects you from fire.
   It insulates you from electricity.
Missiles
 e - 4 curare-tipped needles
 h - 7 tomahawks (quivered)
 G - 4 javelins
 J - 58 poisoned needles
 N - 4 large rocks
Armour
 a - a +1 robe
 D - the +1 robe of Silemuc (worn) {rElec}
   (Okawaru gifted it to you on level 8 of the Dungeon)

   It insulates you from electricity.
 E - a +0 hat
 M - a +1 hat of see invisible (worn)
 V - a +0 shield
Jewellery
 g - an uncursed ring of ice
 j - an amulet of the gourmand (around neck)
 m - a ring of positive energy (right claw)
 v - a ring of protection from magic (left claw)
 C - an uncursed ring of positive energy
Wands
 w - a wand of disintegration (6/24)
 y - a wand of iceblast (7/15)
Scrolls
 f - 3 scrolls of recharging
 l - 3 scrolls of teleportation
 o - 2 scrolls of fear
 r - 3 scrolls of remove curse
 t - 2 scrolls of amnesia
 u - 7 scrolls of magic mapping
 x - a scroll of identify
 A - a scroll of enchant weapon
 B - 2 scrolls of fog
 K - a scroll of blinking
 L - a scroll of brand weapon
 P - a scroll of enchant armour
 S - a scroll of noise
 U - a scroll of vulnerability {unknown}
Potions
 d - 5 potions of curing
 k - a potion of degeneration
 n - a potion of heal wounds
 s - 2 potions of brilliance
 z - a potion of might
 H - a potion of mutation
 O - 2 potions of flight
 Q - a potion of lignification
 T - a potion of resistance {unknown}
Books
 p - a book of Geomancy

   Spells                             Type                      Level
   a - Sandblast                      Earth                        1
   b - Passwall                       Transmutation/Earth          2
   c - Stone Arrow                    Conjuration/Earth            3
   d - Petrify                        Transmutation/Earth          4
   e - Lee's Rapid Deconstruction     Earth                        5
 I - a book of Air

   Spells                             Type                      Level
   a - Shock                          Conjuration/Air              1
   b - Swiftness                      Charms/Air                   2
   c - Static Discharge               Conjuration/Air              3
   d - Airstrike                      Air                          4
   e - Lightning Bolt                 Conjuration/Air              5
Comestibles
 b - 8 bread rations
 c - 3 meat rations
 i - 6 fruits
 q - 12 royal jellies
 W - 6 chunks of flesh


   Skills:
 - Level 10.4(15.4) Fighting
 * Level 7.0(12.0) Throwing
 - Level 2.4(7.4) Dodging
 - Level 1.0(6.0) Stealth
 + Level 1.5(6.5) Shields
 - Level 13.4(18.4) Unarmed Combat


You had 11 spell levels left.
You didn't know any spells.

Dungeon Overview and Level Annotations

Branches:
Dungeon (10/15)            Temple (1/1) D:5            Lair (2/6) D:10
  Swamp: Lair:2-4    Shoals: Lair:2-4     Snake: Lair:2-4    Spider: Lair:2-4
    Orc: D:9-12

Altars:
Ashenzari
Cheibriados
Dithmenos
Elyvilon
Fedhas
Gozag
Hepliaklqana
Kikubaaqudgha
Makhleb
Nemelex Xobeh
Okawaru
Qazlal
Ru
Sif Muna
Trog
Uskayaw
Vehumet
Xom
Yredelemnul
Zin
The Shining One

Shops:
D:6 *


Innate Abilities, Weirdness & Mutations

You are too large for most types of armour.
You have claws for hands.
Your metabolism is lightning-fast.
You like to eat raw meat.
You heal very quickly.
You are covered in fur. (AC +1)
You have very tough skin. (AC +2)
You have hoof-like feet.


Message History

The death yak gores you.
* * * LOW HITPOINT WARNING * * *
You gain the combat prowess of a mighty hero.
The death yak gores you.
* * * LOW HITPOINT WARNING * * *
You barely miss the death yak.
You kick the death yak, but do no damage.
The death yak is moderately wounded.
The death yak closely misses you.
You mangle the death yak!! You kick the death yak.
The death yak is severely wounded.
You mangle the death yak!! Your kick misses the death yak.
The death yak is almost dead.
The death yak gores you!
* * * LOW HITPOINT WARNING * * *
You scratch the death yak.
You kick the death yak, but do no damage.
The death yak is almost dead.
The death yak gores you!!
You die...

##### .# #.#.## ### .+.####
##..#.## ## P. .......##
#......## #.##. ..... ..#
#.......# #... ......#..
#......## ##...
.....<#.#####.......#####P...
..>......#.#Y.......#.P###...
...........†@......'...†.....
#####.#######......P##.###.#.
#... # #......##.## ###P ...P##
#..+.###### ## ## #...# ##..## ##
#.####..# ## ##..#### #.
#.#.##.##.# ##..#%#.# #.
##........######.......####### #.
.#........'.#................###.


You could see a death yak.

Vanquished Creatures
  Gastronok (D:8)
  3 two-headed ogres
  A death yak (Lair:2)
  A manticore (D:9)
  An elephant (D:10)
  Joseph (D:7)
  A spiny frog (Lair:1)
  A komodo dragon (Lair:1)
  6 hippogriffs
  Sigmund (D:3)
  3 wraiths (D:8)
  9 yaks
  3 hogs (D:9)
  A human (D:9)
  The ghost of PeterMcNeter the Shooter, an amateur TeWn (D:4)
  2 water moccasins (Lair:2)
  3 orc warriors
  2 porcupines (Lair:1)
  A black bear (D:7)
  2 phantoms (D:8)
  4 ice beasts
  A necrophage (D:7)
  2 ogres
  3 centaurs (D:10)
  8 crocodiles
  3 big kobolds
  10 bullfrogs
  2 elf zombies (D:8)
  8 scorpions
  A water moccasin skeleton (D:10)
  9 killer bees
  14 wights
  6 electric eels (D:9)
  A howler monkey (D:8)
  A centaur zombie (D:10)
  4 crimson imps
  A bullfrog zombie (D:8)
  3 jellies
  A bullfrog skeleton (D:5)
  A centaur skeleton (D:8)
  An orc priest (D:3)
  10 hounds
  4 orc wizards
  4 human zombies (D:8)
  Jessica (D:3)
  2 iguanas (D:9)
  4 worker ants
  An ogre zombie (D:8)
  3 hound zombies
  A hound skeleton (D:8)
  A mummy (D:8)
  3 worker ant zombies (D:10)
  7 gnolls
  11 adders
  2 shadow imps
  2 oozes
  An adder skeleton (D:8)
  2 worms
  4 leopard geckos
  25 orcs
  4 ball pythons (D:2)
  5 bats
  2 giant cockroaches
  3 goblins
  4 hobgoblins
  4 jackals (D:1)
  6 quokkas
  A frilled lizard (D:4)
  19 kobolds
  2 leopard gecko zombies
  An orc zombie (D:8)
  A quokka skeleton (D:6)
  12 rats
  A plant (Lair:2)
281 creatures vanquished.

Vanquished Creatures (others)
  2 fungi
  A plant (D:9)
3 creatures vanquished.

Grand Total: 284 creatures vanquished

Notes
Turn   | Place    | Note
-------+----------+-------------------------------------------
     0 | D:1      | grindst0ne the Troll Monk began the quest for the Orb.
     0 | D:1      | Reached XP level 1. HP: 22/22 MP: 0/0
    53 | D:1      | Reached XP level 2. HP: 29/29 MP: 1/1
   478 | D:1      | Gained mutation: You are agile. (Dex +2) [potion of mutation]
   478 | D:1      | Gained mutation: Your mind is acute. (Int +2) [potion of mutation]
   479 | D:1      | Lost mutation: You are agile. (Dex +2) [potion of mutation]
   479 | D:1      | Lost mutation: Your mind is acute. (Int +2) [potion of mutation]
   479 | D:1      | Gained mutation: You have large cloven feet. [potion of mutation]
   479 | D:1      | Gained mutation: You have hoof-like feet. [potion of mutation]
   479 | D:1      | Gained mutation: You heal very quickly. [potion of mutation]
   683 | D:2      | Reached XP level 3. HP: 36/36 MP: 2/2
   795 | D:2      | Reached skill level 4 in Unarmed Combat
  1047 | D:2      | Reached XP level 4. HP: 45/45 MP: 3/3
  1129 | D:3      | Noticed Jessica
  1133 | D:3      | Killed Jessica
  1331 | D:3      | Reached XP level 5. HP: 54/54 MP: 4/4
  1335 | D:3      | Noticed Sigmund
  1344 | D:3      | Killed Sigmund
  1344 | D:3      | Reached skill level 5 in Unarmed Combat
  1344 | D:3      | Reached XP level 6. HP: 16/63 MP: 5/5
  1993 | D:4      | Reached skill level 6 in Unarmed Combat
  2085 | D:4      | Reached skill level 5 in Fighting
  2085 | D:4      | Reached XP level 7. HP: 62/72 MP: 6/6
  2177 | D:4      | Noticed PeterMcNeter's ghost (amateur TeWn)
  2198 | D:4      | Killed PeterMcNeter's ghost
  2631 | D:4      | Found a stormy altar of Qazlal.
  2749 | D:5      | Entered Level 5 of the Dungeon
  3231 | D:5      | Found a staircase to the Ecumenical Temple.
  3255 | Temple   | Entered the Ecumenical Temple
  3499 | Temple   | Became a worshipper of Warmaster Okawaru
  3499 | Temple   | Reached * piety under Okawaru
  3499 | Temple   | Reached ** piety under Okawaru
  3688 | D:5      | Reached skill level 7 in Unarmed Combat
  3815 | D:6      | Found Fiwkeirph's Assorted Antiques.
  3837 | D:6      | Bought a scroll labeled IRGHIPHU ITU for 34 gold pieces
  3837 | D:6      | Bought a scroll labeled IRGHIPHU ITU for 34 gold pieces
  3889 | D:6      | Found a burning altar of Makhleb.
  3890 | D:6      | Found a glowing silver altar of Zin.
  3890 | D:6      | Noticed an angel
  3894 | D:6      | Noticed a cacodemon
  3979 | D:6      | Reached XP level 8. HP: 74/83 MP: 7/7
  4462 | D:7      | Reached skill level 8 in Unarmed Combat
  4664 | D:7      | Noticed Joseph
  4674 | D:7      | Killed Joseph
  4674 | D:7      | Reached *** piety under Okawaru
  4676 | D:7      | Reached skill level 9 in Unarmed Combat
  4676 | D:7      | Reached XP level 9. HP: 26/93 MP: 8/8
  5377 | D:7      | Reached **** piety under Okawaru
  5542 | D:8      | Noticed a two-headed ogre
  5548 | D:8      | Reached skill level 10 in Unarmed Combat
  5553 | D:8      | Killed a two-headed ogre
  5758 | D:8      | Noticed Gastronok
  5768 | D:8      | Noticed a two-headed ogre
  5775 | D:8      | Killed Gastronok
  5775 | D:8      | Reached ***** piety under Okawaru
  5775 | D:8      | Reached skill level 11 in Unarmed Combat
  5775 | D:8      | Reached XP level 10. HP: 101/107 MP: 6/9
  5778 | D:8      | Killed a two-headed ogre
  5778 | D:8      | Received a gift from Okawaru
  5785 | D:8      | Got a twisted robe {god gift}
  5796 | D:8      | Identified the +1 robe of Silemuc {rElec} (Okawaru gifted it to you on level 8 of the Dungeon)
  6317 | D:8      | Reached skill level 10 in Fighting
  6349 | D:8      | Found a basalt altar of Yredelemnul.
  6410 | D:8      | Reached skill level 12 in Unarmed Combat
  6844 | D:9      | Reached XP level 11. HP: 102/119 MP: 10/10
  7071 | D:9      | Reached skill level 1 in Throwing
  7913 | D:10     | Entered Level 10 of the Dungeon
  8078 | D:10     | Found a staircase to the Lair.
  8094 | D:10     | Received a gift from Okawaru
  8464 | D:10     | Noticed a two-headed ogre
  8468 | D:10     | Killed a two-headed ogre
  8468 | D:10     | Received a gift from Okawaru
  8468 | D:10     | Reached skill level 13 in Unarmed Combat
  9120 | Lair:1   | Entered Level 1 of the Lair of Beasts
  9161 | Lair:1   | Reached skill level 5 in Throwing
  9825 | Lair:1   | Received a gift from Okawaru
 10096 | Lair:2   | Noticed a death yak
 10100 | Lair:2   | Noticed a death yak
 10137 | Lair:2   | Reached skill level 1 in Shields
 10148 | Lair:2   | Got a translucent mace
 10149 | Lair:2   | Identified the +3 mace of Fortitude {flame, rElec rF+ Str-3 Dex+4} (You found it on level 2 of the Lair of Beasts)
 10216 | Lair:2   | Killed a death yak
 10216 | Lair:2   | Reached XP level 12. HP: 66/127 MP: 11/11
 10223 | Lair:2   | Slain by a death yak

Skill      XL: |  1  2  3  4  5  6  7  8  9 10 11 |
---------------+----------------------------------+-----
Fighting       | 3 4 5 6 7 9 10 | 10.4
Unarmed Combat | 4 5 6 7 9 11 12 13 | 13.4
Throwing       | 7 |  7.0
Shields        | 1 |  1.5
Dodging        | |  2.4
Stealth        | |  1.0

Action                   |  1- 3 |  4- 6 |  7- 9 | 10-12 || total
-------------------------+-------+-------+-------+-------++-------
Melee: Unarmed           |    77 |    91 |   231 |   385 ||   784
       Kick              |    10 |    25 |    54 |   125 ||   214
       Punch             |       |     3 |     6 |    29 ||    38
Invok: Heroism           |       |       |     3 |     4 ||     7
  Use: Potion            |     2 |       |     3 |     1 ||     6
       Scroll            |     5 |     4 |     6 |     9 ||    24
 Stab: Sleeping          |     1 |       |     1 |       ||     2
       Distracted        |       |       |     1 |       ||     1
  Eat: Chunk             |    15 |    10 |    31 |    43 ||    99
Armor: Robe              |    51 |    24 |    71 |    65 ||   211
       Skin              |       |       |    22 |     3 ||    25
Dodge: Dodged            |    29 |    28 |   135 |   181 ||   373
